 Dungeon Crawl Stone Soup version 0.31.0-32-g396128a36d (webtiles) character file.

Game seed: 13255908940670059098

1194 bearlyready the Cleaver (level 8, 0/64 HPs)
             Began as a Hill Orc Berserker on Mar 29, 2024.
             Was a Priest of Trog.
             Slain by a water moccasin (1 damage)
             ... on level 6 of the Dungeon.
             The game lasted 00:06:59 (5255 turns).

bearlyready the Cleaver (Hill Orc Berserker)        Turns: 5255, Time: 00:07:00

Health: 0/64       AC:  9    Str: 21 (22) XL:     8   Next: 44%
Magic:  0/8        EV: 11    Int:  5 (7)  God:    Trog [***...]
Gold:   209        SH:  0    Dex:  9 (10) Spells: 7/7 levels left

rFire   . . .        p - +0 war axe
rCold   + . .        (no shield)
rNeg    . . .        o - +3 leather armour
rPois   .            (no helmet)
rElec   .            (no cloak)
rCorr   .            (no gloves)
SInv    .            v - +2 pair of boots
Will    .....        b - amulet of guardian spirit
Stlth   +            r - ring of protection from cold
HPRegen 0.30/turn    (no ring)
MPRegen 0.11/turn

%: guardian spirit
@: brilliant, lethally poisoned (0 -> -11), on berserk cooldown, attractive
A: no striking features
a: Renounce Religion, Berserk, Trog's Hand


You were on level 6 of the Dungeon.
You worshipped Trog.
Trog was most pleased with you.
You visited 2 branches of the dungeon, and saw 7 of its levels.

You collected 209 gold pieces.

Inventory:

Hand Weapons
 p - a +0 war axe (weapon)
Missiles
 s - a boomerang (quivered)
 w - 2 poisoned darts
 x - a curare-tipped dart
Armour
 h - a +1 ring mail
 o - a +3 leather armour (worn)
 v - a +2 pair of boots (worn)
Jewellery
 b - an amulet of guardian spirit (around neck)
 r - a ring of protection from cold (left hand)
Scrolls
 f - 2 scrolls of enchant armour
 i - a scroll of poison {unknown}
 j - 6 scrolls of identify
 l - a scroll of enchant weapon {unknown}
 m - a scroll of revelation {unknown}
 t - a scroll of teleportation {unknown}
 u - a scroll of summoning {unknown}
 y - a scroll of noise {unknown}
 z - a scroll of vulnerability {unknown}
Potions
 a - a potion of berserk rage
 q - a potion of mutation {unknown}
 A - a potion of attraction


   Skills:
 - Level 3.6 Fighting
 + Level 11.7 Axes
 + Level 4.2 Throwing
 - Level 2.1 Armour
 - Level 1.5 Dodging


You had 7 spell levels left.
You didn't know any spells.
Your spell library was empty.

Dungeon Overview and Level Annotations

Branches:
Dungeon (6/15)             Temple (1/1) D:4

Altars:
Dithmenos
Gozag
Hepliaklqana
Kikubaaqudgha
Makhleb
Nemelex Xobeh
Qazlal
Ru
Sif Muna
Trog
Uskayaw
Wu Jian
Xom
Yredelemnul
Zin
The Shining One

Shops:
D:2 *

Annotations:
D:6 Sigmund


Message History

Blink to where?
Press: ? - help, Dir - move target
As you read the scroll labelled HOIRASTIAFE, it crumbles to dust.
It was a scroll of blinking.
You aren't carrying any items that you can evoke.
Unknown command.
Okay, then.
You aren't carrying any items that you can evoke.
As you read the scroll of fear, it crumbles to dust.
You assume a fearsome visage.
The water moccasin resists with some effort.
The water moccasin barely misses you. The water moccasin bites you.
You are poisoned.
The water moccasin poisons you!
You feel yourself speed up.
You feel very sick.
The water moccasin bites you but does no damage.
It was a potion of berserk rage.
You're still recovering from your berserk rage.
You feel very sick. The water moccasin closely misses you.
It was a potion of degeneration.
There was something very wrong with that liquid.
You feel weakened.
You feel dopey.
You feel clumsy.
You feel sick. The water moccasin bites you.
* * * LOW HITPOINT WARNING * * *
You are lethally poisoned!
The water moccasin poisons you!
The water moccasin bites you but does no damage.
It was a potion of brilliance.
You feel clever all of a sudden.
* * * LOW HITPOINT WARNING * * *
You feel very sick. The water moccasin barely misses you.
It was a potion of attraction.
You feel attractive to monsters.
* * * LOW HITPOINT WARNING * * *
You feel very sick. The water moccasin bites you.
You die...

##..##..♣♣...#...#.##.#...#
#...##...:....#.......#.###
#.............##<#..#.#####
......._..≈≈.....#........#
#..§≈.....≈≈..#.....#.###.#
#..≈≈.........##.####.# #.#
##.....##....###.####.# #.#
#.....##....# #<.....# #.#
##.........## #@## ### #.#
..##.....######S# #.###
...###.##.....f.# #...#
..........##### ##.##
#.......# #.# #.......# #.#
#...§...# #.# ###.......#
#.#
#...#.##..#############.##


You could see a water moccasin and a sleepcap.

Vanquished Creatures
  Edmund (D:6)
  A black bear (D:5)
  2 ogres
  A kobold brigand (D:4)
  A weeping skull (D:3)
  A scorpion (D:4)
  2 jellies
  A hound (D:6)
  5 orc priests
  An iguana (D:5)
  5 orc wizards
  10 adders
  2 white imps (D:5)
  4 dart slugs
  3 ribbon worms
  18 orcs
  7 endoplasms
  3 giant cockroaches
  5 goblins
  5 hobgoblins
  2 jackals (D:2)
  5 quokkas
  2 ball pythons
  8 bats
  2 frilled lizards
  27 kobolds
  5 rats
  A spectral orc (D:3)
130 creatures vanquished.

Notes
Turn   | Place    | Note
-------+----------+-------------------------------------------
     0 | D:1      | bearlyready the Hill Orc Berserker began the quest for the
                  | Orb.
     0 | D:1      | Reached XP level 1. HP: 19/19 MP: 1/1
   153 | D:1      | Reached XP level 2. HP: 25/26 MP: 2/2
   371 | D:1      | Reached skill level 5 in Axes
   889 | D:1      | Reached XP level 3. HP: 25/31 MP: 3/3
   998 | D:2      | Found a faded altar of an unknown god.
  1047 | D:2      | Reached ** piety under Trog
  1080 | D:2      | Found Nuzadamu's General Store.
  1393 | D:2      | Reached skill level 6 in Axes
  1567 | D:2      | Reached XP level 4. HP: 39/39 MP: 4/4
  1964 | D:3      | Reached skill level 7 in Axes
  1975 | D:3      | Reached XP level 5. HP: 11/45 MP: 5/5
  2081 | D:3      | Found a sacrificial altar of Ru.
  2226 | D:3      | Reached skill level 8 in Axes
  2463 | D:3      | Found a glowing golden altar of the Shining One.
  2608 | D:3      | Reached XP level 6. HP: 41/51 MP: 3/6
  2744 | D:3      | Found a basalt altar of Yredelemnul.
  2863 | D:3      | Reached skill level 9 in Axes
  3094 | D:4      | Reached *** piety under Trog
  3172 | D:4      | Found a bloodstained altar of Trog.
  3294 | D:4      | Reached skill level 10 in Axes
  3360 | D:4      | Reached skill level 1 in Throwing
  3360 | D:4      | Reached XP level 7. HP: 39/57 MP: 7/7
  3522 | D:4      | Found a staircase to the Ecumenical Temple.
  3533 | Temple   | Entered the Ecumenical Temple
  4288 | D:5      | Entered Level 5 of the Dungeon
  4480 | D:5      | Found a glowing silver altar of Zin.
  4610 | D:5      | Reached skill level 11 in Axes
  4617 | D:5      | Reached XP level 8. HP: 40/64 MP: 4/8
  5050 | D:5      | Reached **** piety under Trog
  5075 | D:6      | Found an ornate altar of the Wu Jian Council.
  5159 | D:6      | Noticed Edmund
  5172 | D:6      | Killed Edmund
  5220 | D:6      | Noticed Sigmund
  5255 | D:6      | HP: 1/64 [poisoned by a water moccasin]
  5255 | D:6      | Slain by a water moccasin

Illustrated notes

Levels and vault maps discovered:
D:1:      evilmike_arrival_plus, layout_basic
D:2:      layout_basic, serial_shops, shop, nicolae_ecumenical_pavilion
D:3:      layout_basic, mainiacjoe_overflow_concentric_impassable,
          yredelemnul_forgotten_temple_becter, nicolae_overflow_hidden_temple,
          minmay_misc_feat_tiny
D:4:      kennysheep_kobold_camp, layout_loops_cross,
          mainiacjoe_overflow_catwalk, minmay_temple_entry_sparse_star
D:5:      layout_loops_cross, zin_academy
D:6:      layout_basic, nicolae_wu_jian_wuxing_cycle, uniq_sigmund, uniq_edmund
Temple:   eino_temple_lava

Skill      XL: |  1  2  3  4  5  6  7  8 |
---------------+-------------------------+-----
Axes           | 5 6 7 8 10 11 | 11.7
Throwing       | 1 3 4 |  4.2
Fighting       | |  3.6
Armour         | |  2.1
Dodging        | |  1.5

Action                     |  1- 3 |  4- 6 |  7- 9 || total
---------------------------+-------+-------+-------++-------
  Melee: Hand axe          |   159 |    51 |       ||   210
         War axe           |       |    92 |   167 ||   259
         Punch             |       |     3 |     2 ||     5
 Invoke: Berserk           |       |     2 |     3 ||     5
    Use: Potion            |       |     1 |     7 ||     8
         Scroll            |       |       |     6 ||     6
 Armour: Animal skin       |    30 |       |       ||    30
         Ring mail         |    63 |     6 |       ||    69
         Leather armour    |       |    88 |   123 ||   211
  Dodge: Dodged            |    94 |    69 |    99 ||   262
